 Dungeon Crawl Stone Soup version 0.18.1-48-g4cf74bf (webtiles) character file.

4557 Heedrag the Cleaver (level 10, -1/81 HPs)
             Began as a Minotaur Fighter on Aug 5, 2016.
             Was a Priest of Okawaru.
             Slain by an orc warrior
             ... wielding a +0 short sword of electrocution
              (13 damage)
             ... on level 9 of the Dungeon.
             The game lasted 00:16:48 (6446 turns).

Heedrag the Cleaver (Minotaur Fighter)              Turns: 6446, Time: 00:16:49

Health: -1/81      AC: 14    Str: 24    XL:     10   Next: 18%
Magic:  20/20      EV: 10    Int:  5    God:    Okawaru [***...]
Gold:   369        SH: 10    Dex: 14    Spells: 0 memorised, 9 levels left

rFire  . . .     SeeInvis .     a - +0 war axe
rCold  + . .     Gourm    .     x - +0 chain mail
rNeg   . . .     Faith    .     c - +0 shield
rPois  +         Spirit   .     (helmet restricted)
rElec  .         Dismiss  +     (no cloak)
rCorr  .         Reflect  .     C - +0 pair of gloves
SustAt .         Harm     .     (no boots)
MR     .....                    J - amulet of dismissal
Stlth  ..........               n - ring of protection from cold
                                q - ring of magical power

@: not resistant to hostile enchantments, extremely unstealthy
A: retaliatory headbutt, fangs 1, horns 2, slimy green scales 1, thin skeletal
structure 1, agile 1, frail 1, poison resistance
a: Heroism, Renounce Religion


You were on level 9 of the Dungeon.
You worshipped Okawaru.
Okawaru was most pleased with you.
You were hungry.

You visited 2 branches of the dungeon, and saw 10 of its levels.

You collected 369 gold pieces.

Inventory:

Hand Weapons
 a - a +0 war axe (weapon)
 j - a +1 short sword of freezing
 k - a +2 quarterstaff of speed
 B - a +2 mace of protection
 L - a +0 mace of venom
Armour
 b - a +0 scale mail
 c - a +0 shield (worn)
 u - a +0 plate armour
 x - a +0 chain mail (worn)
 C - a +0 pair of gloves (worn)
 K - a +2 helmet
Jewellery
 n - a ring of protection from cold (right hand)
 q - a ring of magical power (left hand)
 J - an amulet of dismissal (around neck)
Wands
 p - a wand of acid (6/15)
 y - a wand of slowing (17/48)
 G - a wand of slowing (25/48)
 H - a wand of lightning (3/15)
Scrolls
 e - 5 scrolls of blinking {unknown}
 h - 3 scrolls of random uselessness {unknown}
 i - 3 scrolls of teleportation {unknown}
 l - 9 scrolls of identify {unknown}
 m - 3 scrolls of recharging {unknown}
 o - 4 scrolls of enchant armour {unknown}
 s - 2 scrolls of fog {unknown}
 t - 2 scrolls of fear {unknown}
 A - 3 scrolls of immolation {unknown}
 E - 2 scrolls of amnesia {unknown}
 I - a scroll of noise {unknown}
 M - a scroll of enchant weapon {unknown}
 N - a scroll of holy word {unknown}
 O - a scroll of magic mapping {unknown}
 R - 2 scrolls of remove curse {unknown}
 S - a scroll of summoning {unknown}
Potions
 d - 3 potions of might
 z - a potion of cancellation {unknown}
 P - 2 potions of haste {unknown}
 Q - a potion of lignification {unknown}
Books
 w - a book of Enchantments

   Spells                             Type                      Level
   a - Cause Fear                     Hexes                        4
   b - Yara's Violent Unravelling     Hexes/Transmutation          5
   c - Silence                        Hexes/Air                    5
   d - Deflect Missiles               Charms/Air                   6
   e - Haste                          Charms                       6
   f - Discord                        Hexes                        8
Comestibles
 f - 13 bread rations
 r - 2 slices of pizza
 v - 2 fruits
 D - 8 beef jerkies
 F - a royal jelly


   Skills:
 + Level 8.5 Fighting
 * Level 10.8 Axes
 + Level 8.6 Armour
 + Level 6.9 Dodging
 + Level 5.0 Shields
 + Level 2.7 Invocations


You had 9 spell levels left.
You didn't know any spells.

Dungeon Overview and Level Annotations

Branches:
Dungeon (9/15)             Temple (1/1) D:7
   Lair: D:8-11         Orc: D:9-12

Altars:
Ashenzari
Cheibriados
Dithmenos
Elyvilon
Fedhas
Gozag
Kikubaaqudgha
Makhleb
Nemelex Xobeh
Okawaru
Pakellas
Qazlal
Ru
Sif Muna
Trog
Vehumet
Xom
Yredelemnul
Zin
The Shining One


Innate Abilities, Weirdness & Mutations

You reflexively headbutt those who attack you in melee.
You have a pair of horns on your head.
You have very sharp teeth.
You are partially covered in slimy green scales (AC +2).
You have a somewhat thin skeletal structure (Dex +2, Stealth).
You are agile. (Dex +2)
You are frail (-10% HP).
Your system is resistant to poisons.


Message History

Tha orc warrior be moderately wounded.
Tha orc warrior hits ye but does nay damage.
Ye barely miss tha orc warrior.
Tha orc warrior be moderately wounded.
Tha orc warrior hits ye wit' a short sword o' electrocution.
Ye hit tha orc warrior.
Yer headbutt misses tha orc warrior.
Tha orc warrior be heavily wounded.
Tha orc warrior hits ye wit' a short sword o' electrocution!
Ye be electrocuted!
* * * LOW HITPOINT WARNIN'
* * * Tha orc warrior hits ye but does nay damage.
Ye hit tha orc warrior.
Ye headbutt tha orc warrior, but do nay damage.
Ye bite tha orc warrior, but do nay damage.
Tha orc warrior be severely wounded.
Tha orc warrior closely misses ye.
Ye hit tha orc warrior but do nay damage.
Tha orc warrior be severely wounded.
Tha orc warrior hits ye wit' a short sword o' electrocution!
Ye die...

...####.####.....#
.. #......<...# ..
####.##....# ..#
#.##....#
...#####.##....#
#....##.##....#
###....##....#
#....#####.###
#@#.## .# #o#.##
.# #o#..# .o##.#
.###.# #. #.# #.
#.# #. #.# #.#


You could see an orc warrior and 2 orcs.

Vanquished Creatures
  Erolcha (D:8)
  The ghost of nikopol the Spear-Bearer, a novice MiBe of Trog (D:7)
  Grinder (D:6)
  Sigmund (D:3)
  Grum (D:8)
  A hippogriff (D:7)
  2 ice beasts
  2 sky beasts
  An eye of draining (D:8)
  A necrophage (D:6)
  A black bear (D:7)
  3 wolves (D:8)
  3 ogres
  3 giant frogs
  Blork the orc (D:5)
  A wyvern zombie (D:8)
  A gnoll sergeant (D:9)
  5 killer bees (D:7)
  A howler monkey (D:6)
  2 crimson imps
  3 jellies
  A centaur zombie (D:6)
  3 hounds
  3 orc priests (D:6)
  A centaur skeleton (D:3)
  An iguana (D:6)
  4 orc wizards
  7 worker ants
  A hound zombie (D:8)
  A worker ant zombie (D:6)
  9 gnolls
  5 adders
  A howler monkey skeleton (D:5)
  A shadow imp (D:5)
  4 oozes
  3 worms
  3 dart slugs
  2 giant geckos (D:7)
  31 orcs
  3 ball pythons
  5 giant cockroaches
  9 goblins
  8 hobgoblins
  6 jackals
  12 kobolds
  6 quokkas
  5 bats
  A giant gecko zombie (D:5)
  6 giant newts
  A quokka skeleton (D:7)
  7 rats
186 creatures vanquished.

Vanquished Creatures (others)
  An orc wizard (D:5)
1 creature vanquished.

Grand Total: 187 creatures vanquished

Notes
Turn   | Place    | Note
--------------------------------------------------------------
     0 | D:1      | Heedrag the Minotaur Fighter began the quest for the Orb.
     0 | D:1      | Reached XP level 1. HP: 19/19 MP: 0/0
    46 | D:1      | Reached XP level 2. HP: 27/27 MP: 1/1
   272 | D:1      | Reached skill level 3 in Axes
   328 | D:1      | Reached XP level 3. HP: 25/33 MP: 2/2
   765 | D:2      | Found a white marble altar of Elyvilon.
   786 | D:2      | Found a shimmering altar of Xom.
   789 | D:2      | Found an oddly glowing altar of Pakellas.
  1119 | D:2      | Found a blossoming altar of Fedhas.
  1124 | D:2      | Reached XP level 4. HP: 41/41 MP: 3/3
  1319 | D:3      | Noticed Sigmund
  1345 | D:4      | Reached skill level 1 in Dodging
  1350 | D:4      | Reached skill level 4 in Axes
  1350 | D:4      | Reached XP level 5. HP: 32/47 MP: 4/4
  1712 | D:3      | Killed Sigmund
  1712 | D:3      | Reached skill level 5 in Fighting
  1712 | D:3      | Reached skill level 5 in Axes
  1712 | D:3      | Reached skill level 5 in Armour
  1712 | D:3      | Reached XP level 6. HP: 38/56 MP: 5/5
  1895 | D:3      | Found a burning altar of Makhleb.
  2266 | D:5      | Entered Level 5 of the Dungeon
  2458 | D:5      | Reached skill level 6 in Axes
  2502 | D:5      | Reached XP level 7. HP: 57/61 MP: 6/6
  2688 | D:5      | Noticed Blork the orc
  2695 | D:5      | Killed Blork the orc
  2716 | D:5      | Found a glowing silver altar of Zin.
  3253 | D:6      | Noticed Grinder
  3254 | D:6      | Paralysed by Grinder for 5 turns
  3266 | D:6      | Reached skill level 7 in Axes
  3285 | D:6      | Killed Grinder
  3285 | D:6      | Reached XP level 8. HP: 22/70 MP: 7/7
  3585 | D:6      | Found a sparkling altar of Nemelex Xobeh.
  3767 | D:6      | Reached skill level 8 in Axes
  3824 | D:6      | Found a basalt altar of Yredelemnul.
  3829 | D:6      | Found a stormy altar of Qazlal.
  4068 | D:7      | Found a staircase to the Ecumenical Temple.
  4086 | Temple   | Entered the Ecumenical Temple
  4087 | Temple   | Gained mutation: You occasionally shout uncontrollably at your foes. [mutagenic meat]
  4088 | Temple   | Lost mutation: You occasionally shout uncontrollably at your foes. [mutagenic meat]
  4089 | Temple   | Gained mutation: You have very sharp teeth. [mutagenic meat]
  4241 | Temple   | Became a worshipper of Warmaster Okawaru
  4425 | D:7      | Noticed nikopol's ghost (novice MiBe)
  4458 | D:7      | Killed nikopol's ghost
  4458 | D:7      | Reached * piety under Okawaru
  4458 | D:7      | Reached skill level 9 in Axes
  4458 | D:7      | Reached skill level 5 in Dodging
  4458 | D:7      | Reached XP level 9. HP: 61/79 MP: 8/8
  4688 | D:7      | Gained mutation: You are agile. (Dex +2) [potion of mutation]
  4688 | D:7      | Gained mutation: You have a somewhat thin skeletal structure (Dex +2, Stealth). [potion of mutation]
  4708 | D:7      | HP: 4/80 [poisoned by a killer bee]
  5180 | D:7      | Reached ** piety under Okawaru
  5234 | D:8      | Gained mutation: You are partially covered in slimy green scales (AC +2). [potion of mutation]
  5234 | D:8      | Gained mutation: You are frail (-10% HP). [potion of mutation]
  5234 | D:8      | Gained mutation: Your system is resistant to poisons. [potion of mutation]
  5264 | D:8      | Found a shattered altar of Ashenzari.
  5342 | D:8      | Reached skill level 10 in Axes
  5448 | D:8      | Noticed Erolcha
  5449 | D:8      | Found a shattered altar of Ashenzari.
  5455 | D:8      | Killed Erolcha
  5455 | D:8      | Reached *** piety under Okawaru
  5492 | D:8      | Noticed Grum
  5504 | D:8      | Reached XP level 10. HP: 29/81 MP: 10/10
  5512 | D:8      | Killed Grum
  5826 | D:8      | Found a snail-covered altar of Cheibriados.
  5919 | D:8      | Found a shadowy altar of Dithmenos.
  6256 | D:8      | Found a deep blue altar of Sif Muna.
  6392 | D:9      | Reached skill level 5 in Shields
  6446 | D:9      | Slain by an orc warrior

Skill      XL: |  1  2  3  4  5  6  7  8  9 10 |
---------------+-------------------------------+-----
Fighting       | 4 5 6 7 8 |  8.5
Armour         | 4 5 6 7 8 |  8.6
Axes           | 3 4 5 6 7 9 10 | 10.8
Dodging        | 1 2 4 5 6 |  6.9
Shields        | 4 5 |  5.0
Invocations    | 2 |  2.7

Action                   |  1- 3 |  4- 6 |  7- 9 | 10-12 || total
-------------------------+-------+-------+-------+-------++-------
Melee: War axe           |    91 |   164 |   306 |    58 ||   619
       Headbutt          |    11 |    32 |    51 |    18 ||   112
       Bite              |       |       |    22 |     9 ||    31
  Use: Potion            |       |       |     8 |       ||     8
  Eat: Chunk             |     1 |     5 |    14 |     2 ||    22
Armor: Scale mail        |    30 |       |       |       ||    30
       Plate armour      |     8 |   115 |   145 |       ||   268
       Chain mail        |       |       |    15 |    14 ||    29
Dodge: Dodged            |    21 |    33 |    69 |    11 ||   134
Block: Shield            |    36 |    93 |   150 |    19 ||   298
